 Dungeon Crawl Stone Soup version 0.22-a0-252-gcace5d2 (webtiles) character file.

266929 erloom the Slayer (level 20, -15/147 HPs)
             Began as a Gargoyle Gladiator on Apr 21, 2017.
             Was the Champion of Okawaru.
             Demolished by a titanic slime creature (62 damage)
             ... on level 1 of the Depths on Mar 2, 2018.
             The game lasted 03:03:12 (55232 turns).

erloom the Slayer (Gargoyle Gladiator)             Turns: 55232, Time: 03:03:13

Health: -15/147    AC: 38    Str: 27    XL:     20   Next: 11%
Magic:  27/27      EV: 11    Int: 12    God:    Okawaru [******]
Gold:   1464       SH: 13    Dex: 15    Spells: 22/22 levels left

rFire    + + .     SeeInvis .   e - +9 flail (holy)
rCold    + + +     Gourm    .   w - +3 warlock's mirror {reflect}
rNeg     + . .     Faith    .   c - +3 chain mail {rF+}
rPois    ∞         Spirit   .   R - +1 hat {MR+}
rElec    +         Reflect  +   I - scarf {rC+ rF+}
rCorr    .         Harm     .   u - +2 pair of gloves of Fedhas's Castigation {*Contam rC++ Dex+4}
MR       ++...                  L - +0 pair of boots
Stlth    ..........             O - +3 amulet of reflection
HPRegen  0.34/turn              j - ring of Shadows {Umbra +Inv Stlth+}
MPRegen  0.20/turn              o - +3 ring of strength

@: flying, wreathed by umbra
A: antennae 1, big wings, negative energy resistance 1, electricity resistance,
unbreathing, petrification resistance, rot immunity, AC +15
}: 2/15 runes: decaying, serpentine
a: Stop Flying, Heroism, Finesse, Renounce Religion, Evoke Invisibility


You were on level 1 of the Depths.
You worshipped Okawaru.
Okawaru was exalted by your worship.
You were not hungry.

You visited 6 branches of the dungeon, and saw 32 of its levels.
You visited 1 bazaar.
You also visited: Sewer, Ice Cave and Volcano.

You collected 3424 gold pieces.
You spent 1960 gold pieces at shops.

Inventory:

Hand Weapons
 e - a +9 flail of holy wrath (weapon)
 D - the cursed +1 rapier of Glory {vamp, rPois MR+++ Str+2 Stlth+, unknown}
   (You found it on level 4 of the Snake Pit)

   It inflicts no extra harm, but heals its wielder when it wounds a living foe.
   It affects your strength (+2).
   It protects you from poison.
   It affects your resistance to hostile enchantments.
   It makes you more stealthy.
   It has a curse placed upon it.
 V - the +6 demon trident "Nuibukej" {flame, rC+ Int+3 Dex+2}
   (Okawaru gifted it to you on level 2 of the Lair of Beasts)

   It has been specially enchanted to burn those struck by it, causing extra
   injury to most foes and up to half again as much damage against particularly
   susceptible opponents.
   It affects your intelligence (+3).
   It affects your dexterity (+2).
   It protects you from cold.
Missiles
 d - 5 throwing nets (quivered)
 Q - 4 javelins of penetration
Armour
 c - a +3 chain mail of fire resistance (worn)
 k - a +1 shield of positive energy
 u - the +2 pair of gloves of Fedhas's Castigation (worn) {*Contam rC++ Dex+4}
   (You took it off Nikola on level 2 of the Swamp)

   It affects your dexterity (+4).
   It greatly protects you from cold.
   It causes magical contamination when unequipped.
 w - the +3 warlock's mirror (worn) {reflect}
   (You bought it in a shop on level 2 of the Orcish Mines)
 I - a scarf of resistance (worn)
 L - a +0 pair of boots (worn)
 R - a +1 hat of magic resistance (worn)
Jewellery
 j - the ring of Shadows (left hand) {Umbra +Inv Stlth+}
   (You found it on level 1 of the Snake Pit)

   [ring of stealth]

   It lets you turn invisible.
   It makes you more stealthy.
 o - a +3 ring of strength (right hand)
 N - an uncursed ring of resist corrosion
 O - a +3 amulet of reflection (around neck)
Wands
 h - a wand of digging (11)
 s - a wand of disintegration (8)
 G - a wand of iceblast (9)
 U - a wand of iceblast (10)
Scrolls
 a - a scroll of enchant weapon
 i - a scroll of magic mapping
 m - 2 scrolls of blinking
 n - 6 scrolls of remove curse
 t - 7 scrolls of fear
 y - 4 scrolls of fog
 z - 9 scrolls of teleportation
 H - 8 scrolls of identify
 J - a scroll of summoning
Potions
 g - 14 potions of curing
 q - 7 potions of cancellation
 v - 2 potions of agility
 x - 2 potions of berserk rage
 B - 2 potions of invisibility
 C - 4 potions of resistance
 F - 3 potions of might
 K - 7 potions of haste
 M - 2 potions of heal wounds
Comestibles
 b - 10 rations
 f - 17 rations


   Skills:
 * Level 22.9 Fighting
 - Level 15.0 Maces & Flails
 - Level 1.7 Throwing
 + Level 16.9 Armour
 - Level 3.3 Dodging
 + Level 11.4 Shields
 + Level 1.9 Spellcasting
 - Level 9.6 Invocations
 - Level 8.8 Evocations


You had 22 spell levels left.
You didn't know any spells.

Dungeon Overview and Level Annotations

Branches:
Dungeon (15/15)            Temple (0/1) D:6            Lair (6/6) D:9
  Swamp (4/4) Lair:3        Snake (4/4) Lair:3        Slime (0/5) Lair:5
    Orc (2/2) D:10            Elf (0/3) Orc:2        Vaults (0/5) D:14
 Depths (1/5) D:15

Altars:
Ashenzari
Dithmenos
Fedhas
Gozag
Kikubaaqudgha
Makhleb
Nemelex Xobeh
Okawaru
Sif Muna
Trog
Uskayaw
Beogh

Shops:
D:5 %   D:8 (   D:11 :   D:13 *   Orc:1 ?   Orc:2 (=%[   Snake:3 !   Snake:4 (
Depths:1 *

Portals:
Pandemonium: Depths:1
Trove: D:15 (give 6 scrolls of blinking)

Annotations:
Snake:3 exclusion: Roxanne, Roxanne


Innate Abilities, Weirdness & Mutations

You are resistant to torment.
Your stone body is resilient. (AC +15)
You are immune to poison.
Your large and strong wings let you fly indefinitely.
You resist negative energy. (rN+)
You are resistant to electric shocks. (rElec)
You can survive without breathing.
You are immune to petrification.
You are immune to rotting.
You have a pair of small antennae on your head.


Message History

You bludgeon the very large slime creature!!
The very large slime creature is lightly wounded.
The very large slime creature hits you.
Two slime creatures merge to form an enormous slime creature.
You bludgeon the enormous slime creature!!
The enormous slime creature is moderately wounded.
You hit the enormous slime creature.
The enormous slime creature is moderately wounded.
Two slime creatures merge to form a titanic slime creature.
You sock the plant!
The plant is moderately damaged.
You block the titanic slime creature's attack.
You sock the plant!
The plant is lightly damaged.
You thump the plant!
The plant is heavily damaged.
The titanic slime creature hits you!!! The titanic slime creature hits you!!!
The titanic slime creature hits you!!!
You die...

#...≈≈≈≈≈≈≈≈≈≈≈♣♣
##....≈≈≈≈≈≈≈≈≈≈≈♣♣
#.....P≈≈P≈≈≈≈≈≈≈P♣
###......≈≈≈P≈≈≈≈≈≈≈♣
#.........≈P≈≈≈≈≈≈≈≈≈≈♣
+.###.....≈≈P≈≈≈≈≈≈≈≈P♣
#.....≈P≈≈≈≈≈≈≈≈≈♣♣
#....P)P≈J≈≈P≈≈♣♣♣
#....P(P@≈≈PP♣♣♣
#.#).#..###♣♣♣ .#
#.#..#(###### ..#
#.#..(....#.# ###.+##
#.#.#####.#.# ......#
#.#.#...#...#
......###.#.#.#####.#
......##..........#.#
......'...###.###.#.#


You could see a titanic slime creature.

Vanquished Creatures
  Nikola (Swamp:2)
  Rupert (D:12)
  The ghost of dududu the Severer, an adept DDFi of Makhleb (Swamp:4)
  A sphinx (D:14)
  Gastronok (Lair:3)
  3 thorn hunters
  11 nagarajas
  An azure jelly (Swamp:4)
  The ghost of nht the Brawler, a journeyman TrMo of Wu Jian (Lair:6)
  The ghost of p0werm0de the Party-goer, a journeyman DsHu of Uskayaw (Swamp:4)
  A frost giant (D:14)
  Aizul (Snake:1)
  4 stone giants
  2 entropy weavers (Lair:6)
  Nessos (D:13)
  Azrael (Snake:2)
  An ettin (Depths:1)
  A merfolk javelineer (Depths:1)
  2 merfolk impalers (Depths:1)
  Josephine (Orc:1)
  2 yaktaur captains (D:14)
  2 great orbs of eyes (Depths:1)
  5 ice dragons
  2 fire dragons
  Erolcha (Orc:1)
  8 vault guards (D:14)
  13 hydras
  A ghost crab (Swamp:3)
  18 anacondas
  8 naga warriors
  A death knight (D:14)
  2 centaur warriors
  10 alligators
  7 two-headed ogres
  A tengu warrior (D:14)
  5 death yaks (Lair:6)
  Urug (D:13)
  A queen ant (Lair:6)
  A hell hog (Volcano)
  12 naga sharpshooters
  4 orc high priests
  13 shock serpents
  A hell knight (D:14)
  2 salamander mystics (Snake:4)
  2 skeletal warriors
  8 naga ritualists
  4 spriggan druids
  A phantasmal warrior (D:15)
  5 sea snakes
  A wizard (D:14)
  2 swamp dragons
  A lindwurm (Lair:6)
  10 orc knights
  3 deep elf magi
  2 necromancers
  11 mana vipers
  An oklob plant (Lair:2)
  A wolf spider (D:15)
  25 ugly things
  7 orc sorcerers
  A manticore (D:11)
  9 cyclopes
  7 elephants
  14 salamanders
  2 tengu skeletons
  A salamander (shapeshifter) (D:14)
  50 black mambas
  An elf zombie (D:15)
  26 naga magi
  3 molten gargoyles (Lair:6)
  Maurice (D:9)
  16 spiny frogs
  A stone giant skeleton (D:15)
  3 ice statues (IceCv)
  16 guardian serpents
  3 gargoyles
  6 rime drakes
  15 komodo dragons
  5 freezing wraiths
  A tengu conjurer (D:14)
  2 polar bears (Lair:6)
  A queen bee (Lair:3)
  8 trolls
  2 hornets (Swamp:3)
  3 slime creatures (Swamp:3)
  Prince Ribbit (D:5)
  7 tyrant leeches
  6 dream sheep (Lair:6)
  3 bog bodies
  11 hippogriffs
  32 blink frogs
  A hippogriff (shapeshifter) (Depths:1)
  A centaur simulacrum (D:14)
  5 wraiths
  2 spriggans (Swamp:3)
  A spriggan skeleton (Depths:1)
  A fire dragon skeleton (D:15)
  24 yaks
  A tarantella (shapeshifter) (D:14)
  A water elemental (Depths:1)
  5 shadows
  A golden eye (shapeshifter) (D:14)
  Eustachio (D:5)
  6 wyverns
  2 hungry ghosts
  4 fire elementals (Snake:2)
  8 basilisks
  2 steam dragons (Lair:6)
  A fire bat (Volcano)
  3 swamp worm simulacra (Swamp:4)
  25 vampire mosquitoes
  50 nagas
  2 wargs
  18 swamp worms
  28 insubstantial wisps
  23 soldier ants (Lair:6)
  14 two-headed ogre zombies (Orc:1)
  8 hell hounds
  An acid dragon (D:15)
  2 porcupines
  25 water moccasins
  15 hydra simulacra (Swamp:4)
  9 ice beasts
  13 swamp drakes
  34 orc warriors
  4 black bears
  2 eyes of draining
  7 sky beasts
  12 ogres
  3 phantoms
  26 wolves
  7 centaurs
  13 crocodiles
  2 big kobolds (D:10)
  22 bullfrogs
  2 gnoll sergeants
  5 scorpions
  A wyvern skeleton (D:11)
  28 killer bees
  5 howler monkeys
  9 wights
  3 electric eels
  2 vampire bats (D:6)
  13 crimson imps
  3 centaur zombies
  10 lava snakes
  A bullfrog zombie (D:12)
  10 hounds
  22 jellies
  A quasit (D:14)
  28 orc priests
  16 orc wizards
  2 bullfrog skeletons
  5 centaur skeletons
  Jessica (D:3)
  7 iguanas
  A tengu simulacrum (Depths:1)
  28 worker ants
  A killer bee zombie (D:6)
  Robin (D:2)
  A howler monkey zombie (D:5)
  A howler monkey skeleton (D:4)
  13 gnolls
  20 adders
  5 shadow imps
  A white imp (Depths:1)
  17 oozes
  5 swamp drake simulacra (Swamp:4)
  An adder zombie (D:7)
  2 adder skeletons
  8 worms
  A dart slug (D:2)
  7 leopard geckos
  93 orcs
  18 bats
  2 bat skeletons (D:6)
  4 bat zombies (D:6)
  12 giant cockroaches
  17 goblins
  13 hobgoblins
  9 jackals
  2 quokkas
  A ball python (D:1)
  9 frilled lizards
  14 kobolds
  A leopard gecko zombie (D:6)
  2 quokka zombies (D:7)
  13 rats
  3 briar patches (Swamp:3)
  3 plants
1437 creatures vanquished.

Vanquished Creatures (others)
  A two-headed ogre (D:15)
  2 naga sharpshooters
  A cyclops (Orc:2)
  A swamp worm (Swamp:4)
  An orc warrior (D:10)
  A centaur (D:15)
  An orc priest (Orc:2)
  An orc wizard (Orc:2)
  An adder (Snake:2)
  An orc (Orc:2)
  A ball python (Snake:2)
  A briar patch (Swamp:1)
  22 fungi
  7 plants
42 creatures vanquished.

Grand Total: 1479 creatures vanquished

Notes
Turn   | Place    | Note
-------+----------+-------------------------------------------
     0 | D:1      | erloom the Gargoyle Gladiator began the quest for the Orb.
     0 | D:1      | Reached XP level 1. HP: 12/12 MP: 1/1
    82 | D:1      | Reached XP level 2. HP: 18/18 MP: 2/2
   443 | D:1      | Reached skill level 1 in Armour
  1215 | D:2      | Reached XP level 3. HP: 21/22 MP: 3/3
  1496 | D:2      | Noticed Robin
  1639 | D:2      | Reached skill level 3 in Fighting
  1734 | D:2      | Killed Robin
  1734 | D:2      | Reached XP level 4. HP: 28/28 MP: 4/4
  1858 | D:2      | Found a sparkling altar of Nemelex Xobeh.
  1954 | D:2      | Found an opulent altar of Gozag.
  2529 | D:3      | Found a shadowy altar of Dithmenos.
  2638 | D:3      | Noticed Jessica
  2651 | D:3      | Killed Jessica
  2651 | D:3      | Reached XP level 5. HP: 25/32 MP: 5/5
  3000 | D:3      | Found a burning altar of Makhleb.
  3008 | D:3      | Reached skill level 4 in Fighting
  3634 | D:4      | Found a glowing drain.
  3637 | D:4      | Reached XP level 6. HP: 39/39 MP: 6/6
  3657 | Sewer    | Entered a sewer
  4293 | D:4      | Found a deep blue altar of Sif Muna.
  4323 | D:4      | Reached skill level 5 in Fighting
  4323 | D:4      | Reached skill level 5 in Maces & Flails
  4573 | D:4      | Found an iron altar of Okawaru.
  4581 | D:4      | Became a worshipper of Warmaster Okawaru
  4862 | D:5      | Entered Level 5 of the Dungeon
  4960 | D:5      | Noticed a sky beast
  4969 | D:5      | Killed a sky beast
  4969 | D:5      | Reached XP level 7. HP: 41/44 MP: 7/7
  5215 | D:5      | Noticed Prince Ribbit
  5229 | D:5      | Reached skill level 6 in Fighting
  5491 | D:5      | Found Revihe's Food Boutique.
  5503 | D:5      | Reached * piety under Okawaru
  5522 | D:5      | Reached XP level 8. HP: 15/52 MP: 8/8
  6052 | D:5      | Reached skill level 7 in Fighting
  6273 | D:5      | Found a bloodstained altar of Trog.
  6343 | D:5      | Noticed Eustachio
  6375 | D:5      | Killed Eustachio
  6418 | D:5      | Killed Prince Ribbit
  6418 | D:5      | Reached ** piety under Okawaru
  6643 | D:6      | Reached skill level 8 in Fighting
  6782 | D:6      | Reached XP level 9. HP: 51/60 MP: 9/9
  6954 | D:6      | Found a staircase to the Ecumenical Temple.
  7045 | D:6      | Reached skill level 9 in Fighting
  7371 | D:6      | Found an ancient bone altar of Kikubaaqudgha.
  7392 | D:6      | Reached *** piety under Okawaru
  7806 | D:7      | Found a shattered altar of Ashenzari.
  7888 | D:7      | Upgraded the game from 0.20-a0-1034-gb277f92 to 0.20-a0-1039-gf554463
  8190 | D:7      | Reached skill level 10 in Fighting
  8301 | D:7      | Received a gift from Okawaru
  8604 | D:8      | Reached XP level 10. HP: 63/68 MP: 10/10
  8615 | D:8      | Reached **** piety under Okawaru
  8628 | D:8      | Found Onwy's Weapon Shop.
  8647 | D:8      | Reached skill level 10 in Maces & Flails
  9298 | D:8      | Reached skill level 5 in Armour
  9380 | D:7      | Found a hide-covered altar of Uskayaw.
  9380 | D:7      | Found a blossoming altar of Fedhas.
 10048 | D:9      | Found an iron altar of Okawaru.
 10075 | D:9      | Reached ***** piety under Okawaru
 10098 | D:9      | Found a staircase to the Lair.
 10113 | D:9      | Noticed Maurice
 10131 | D:9      | Killed Maurice
 10250 | D:9      | Noticed a cyclops
 10259 | D:9      | Killed a cyclops
 10259 | D:9      | Reached skill level 11 in Fighting
 11199 | D:9      | Reached XP level 11. HP: 51/74 MP: 5/11
 11311 | Lair:1   | Entered Level 1 of the Lair of Beasts
 11585 | Lair:1   | Noticed a seven-headed hydra
 11606 | Lair:1   | Killed a seven-headed hydra
 11610 | Lair:1   | Received a gift from Okawaru
 12975 | Lair:2   | Reached skill level 12 in Fighting
 13036 | Lair:2   | Reached ****** piety under Okawaru
 13098 | Lair:2   | Received a gift from Okawaru
 13101 | Lair:2   | Got a polished quarterstaff {god gift}
 13124 | Lair:2   | Noticed an oklob plant
 13238 | Lair:2   | Killed an oklob plant
 14002 | Lair:2   | Received a gift from Okawaru
 14229 | Lair:2   | Noticed an eight-headed hydra
 14243 | Lair:2   | Killed an eight-headed hydra
 14665 | Lair:3   | Reached XP level 12. HP: 72/82 MP: 9/12
 14732 | Lair:3   | Reached skill level 13 in Fighting
 14773 | Lair:3   | Received a gift from Okawaru
 14773 | Lair:3   | Reached skill level 5 in Shields
 14776 | Lair:3   | Got a crystal halberd {god gift}
 14790 | Lair:3   | Noticed Gastronok
 14834 | Lair:3   | Killed Gastronok
 15093 | Lair:3   | Found a staircase to the Snake Pit.
 15714 | Lair:3   | Received a gift from Okawaru
 15896 | Lair:3   | Found a staircase to the Swamp.
 15938 | Lair:3   | Reached skill level 14 in Fighting
 16370 | D:10     | Entered Level 10 of the Dungeon
 16502 | D:10     | Found a staircase to the Orcish Mines.
 16683 | Orc:1    | Entered Level 1 of the Orcish Mines
 16779 | Orc:1    | Gained mutation: You have a pair of small antennae on your head. [a neqoxec]
 17281 | Orc:1    | Received a gift from Okawaru
 17281 | Orc:1    | Reached XP level 13. HP: 76/91 MP: 11/13
 17290 | Orc:1    | Got an iridescent dire flail {god gift}
 17397 | D:10     | Identified the +3 dire flail "Pendulum" {drain, *Drain Str+4 Int+4 Dex+3} (Okawaru gifted it to you on level 1 of the Orcish Mines)
 17442 | D:10     | Reached skill level 10 in Armour
 18414 | D:11     | Found a flickering gateway to a bazaar.
 18434 | Bazaar   | Entered a bazaar
 18434 | Bazaar   | Found Jala's Antique Armour Boutique.
 18456 | Bazaar   | Found Etosin's Antique Weapon Emporium.
 18464 | Bazaar   | Found Tigh's Book Boutique.
 18478 | Bazaar   | Found Juatah's Gadget Shoppe.
 19255 | D:11     | Found Orronaps's Book Shoppe.
 19572 | D:11     | Reached skill level 15 in Fighting
 20301 | Lair:2   | Received a gift from Okawaru
 20311 | Lair:2   | Got a bone demon trident {god gift}
 20370 | D:9      | Identified the +6 demon trident "Nuibukej" {flame, rC+ Int+3 Dex+2} (Okawaru gifted it to you on level 2 of the Lair of Beasts)
 20376 | D:9      | Identified the +1 halberd "Goetzeus" {holy, +Inv Str-4 Int+2} (Okawaru gifted it to you on level 3 of the Lair of Beasts)
 20380 | D:9      | Identified the +4 quarterstaff of Sharkskin {drain, rElec MP+9} (Okawaru gifted it to you on level 2 of the Lair of Beasts)
 21796 | Lair:5   | Found a staircase to the Slime Pits.
 22506 | Lair:6   | Entered Level 6 of the Lair of Beasts
 22562 | Lair:6   | Found a dark tunnel.
 22578 | Volcano  | Entered a volcano
 22612 | Volcano  | Received a gift from Okawaru
 22626 | Volcano  | Gained mutation: Your large and strong wings let you fly indefinitely. [Gargoyle growth]
 22626 | Volcano  | Reached XP level 14. HP: 90/99 MP: 14/14
 23215 | Lair:6   | Reached skill level 16 in Fighting
 23884 | D:10     | Received a gift from Okawaru
 24681 | Orc:1    | Found Kowarru's Magic Scroll Shop.
 24688 | Orc:1    | Bought a scroll of teleportation for 45 gold pieces
 24688 | Orc:1    | Bought a scroll of remove curse for 45 gold pieces
 24688 | Orc:1    | Bought a scroll of teleportation for 45 gold pieces
 24688 | Orc:1    | Bought a scroll of identify for 30 gold pieces
 24688 | Orc:1    | Bought a scroll of teleportation for 45 gold pieces
 24836 | Orc:1    | Found a roughly hewn altar of Beogh.
 24957 | Orc:1    | Found a roughly hewn altar of Beogh.
 25092 | Orc:1    | Noticed Erolcha
 25123 | Orc:1    | Killed Erolcha
 25436 | Orc:2    | Entered Level 2 of the Orcish Mines
 25441 | Orc:2    | Noticed a stone giant
 25624 | Orc:2    | Noticed Josephine
 25636 | Orc:1    | Killed Josephine
 25814 | Orc:2    | Found a staircase to the Elven Halls.
 25831 | Orc:2    | Received a gift from Okawaru
 26145 | Orc:2    | Killed a stone giant
 27457 | Orc:2    | Reached skill level 10 in Shields
 27491 | Orc:2    | Reached skill level 17 in Fighting
 27700 | Orc:2    | Found Emeix's Weapon Emporium.
 27700 | Orc:2    | Found Umyfor's Antique Armour Shop.
 27702 | Orc:2    | Found Dufat's Jewellery Emporium.
 27702 | Orc:2    | Found Bounous's Food Shop.
 27713 | Orc:2    | Bought the +3 warlock's mirror {reflect} for 1280 gold pieces
 28157 | Lair:6   | Received a gift from Okawaru
 28159 | Lair:6   | Reached XP level 15. HP: 56/107 MP: 13/15
 28436 | Lair:6   | Found a large runed door.
 28436 | Lair:6   | Found a large runed door.
 28798 | Lair:6   | Got a dazzling war axe
 29184 | Lair:6   | Noticed nht's ghost (journeyman TrMo)
 29498 | Lair:6   | Killed nht's ghost
 29941 | Lair:6   | Received a gift from Okawaru
 30484 | Lair:6   | Reached skill level 1 in Evocations
 30668 | Lair:6   | Reached skill level 18 in Fighting
 31478 | D:12     | Noticed Rupert
 31503 | D:12     | Killed Rupert
 31503 | D:12     | Received a gift from Okawaru
 31526 | D:12     | Got a slimy robe {god gift}
 31968 | D:12     | Reached skill level 1 in Invocations
 31970 | D:12     | Found an opulent altar of Gozag.
 32460 | D:13     | Noticed Urug
 32483 | D:13     | Killed Urug
 32502 | D:13     | Found Edwat's Assorted Antiques.
 32506 | D:13     | Bought a scroll labeled BOKKAIRASE for 24 gold pieces
 32506 | D:13     | Bought a scroll of magic mapping for 84 gold pieces
 32506 | D:13     | Bought a scroll of identify for 48 gold pieces
 32506 | D:13     | Bought a scroll of identify for 48 gold pieces
 32535 | D:13     | Noticed Nessos
 32541 | D:13     | Killed Nessos
 32548 | D:13     | Found a frozen archway.
 32564 | IceCv    | Entered an ice cave
 32571 | IceCv    | Reached XP level 16. HP: 116/116 MP: 18/18
 32956 | IceCv    | Got a jewelled halberd
 33233 | D:13     | Identified the cursed +2 war axe of the Extremes {chop, rC+ SInv} (You found it on level 6 of the Lair of Beasts)
 33234 | D:13     | Identified the +8 halberd of the Viper {holy, +Fly rPois} (You found it in an ice cave)
 33791 | D:14     | Found a gate to the Vaults.
 34296 | D:14     | Reached skill level 19 in Fighting
 34771 | D:14     | Noticed a sphinx
 34792 | D:14     | Killed a sphinx
 34792 | D:14     | Received a gift from Okawaru
 34853 | D:14     | Reached skill level 5 in Evocations
 34889 | D:14     | Got a transparent hunting sling
 35447 | D:14     | Got a flickering ivory ring
 35461 | D:14     | Identified the ring of the Moon {Ice Dex+3} (You took it off a deep elf mage on level 14 of the Dungeon)
 35719 | D:15     | Entered Level 15 of the Dungeon
 35740 | D:15     | Found a staircase to the Depths.
 35803 | D:15     | Received a gift from Okawaru
 35803 | D:15     | Reached skill level 5 in Invocations
 36472 | D:15     | Reached XP level 17. HP: 114/122 MP: 21/21
 36554 | D:15     | Found a shadowy altar of Dithmenos.
 36613 | D:15     | Found a portal to a secret trove of treasure.
 37111 | Snake:1  | Entered Level 1 of the Snake Pit
 37157 | Snake:1  | Noticed Aizul
 37179 | Snake:1  | Killed Aizul
 37669 | Snake:1  | Received a gift from Okawaru
 38301 | Snake:2  | Received a gift from Okawaru
 38319 | Snake:2  | Noticed Azrael
 38337 | Snake:2  | Killed Azrael
 38339 | Snake:2  | Reached skill level 20 in Fighting
 40426 | Snake:3  | Received a gift from Okawaru
 41116 | Snake:3  | Received a gift from Okawaru
 41350 | Snake:3  | Noticed Roxanne
 41594 | Snake:3  | Reached skill level 15 in Armour
 41885 | Snake:3  | Reached XP level 18. HP: 72/131 MP: 23/23
 42110 | Snake:3  | Received a gift from Okawaru
 42736 | Snake:3  | Found Oteafipn's Distillery.
 42743 | Snake:3  | Bought a potion of heal wounds for 70 gold pieces
 42743 | Snake:3  | Bought a potion of curing for 42 gold pieces
 42743 | Snake:3  | Bought a potion of heal wounds for 70 gold pieces
 42743 | Snake:3  | Bought a potion of curing for 42 gold pieces
 42743 | Snake:3  | Bought a potion of curing for 42 gold pieces
 42885 | Snake:4  | Entered Level 4 of the Snake Pit
 43214 | Snake:4  | Got a jewelled rapier
 43348 | Snake:4  | Found Pybon's Antique Weapon Boutique.
 44088 | Snake:4  | Reached skill level 21 in Fighting
 44444 | Snake:3  | Upgraded the game from 0.20-a0-1039-gf554463 to 0.22-a0-252-gcace5d2
 45722 | Snake:4  | Received a gift from Okawaru
 46312 | Snake:4  | Reached skill level 15 in Maces & Flails
 46593 | Snake:4  | Received a gift from Okawaru
 46713 | Snake:4  | Reached XP level 19. HP: 44/138 MP: 24/26
 47127 | Snake:4  | Got a serpentine rune of Zot
 47479 | Swamp:1  | Entered Level 1 of the Swamp
 49125 | Swamp:2  | Received a gift from Okawaru
 49418 | Swamp:2  | Noticed Nikola
 49477 | Swamp:2  | Reached skill level 22 in Fighting
 49482 | Swamp:2  | Killed Nikola
 49907 | Swamp:2  | Got a pair of transparent gloves
 49909 | Swamp:2  | Identified the +2 pair of gloves of Fedhas's Castigation {*Contam rC++ Dex+4} (You took it off Nikola on level 2 of the Swamp)
 50686 | Swamp:3  | HP: 2/140 [alligator[a spriggan druid] (18)]
 50713 | Swamp:3  | Received a gift from Okawaru
 51263 | Swamp:3  | HP: 3/140 [spiny frog (13)]
 51924 | Swamp:4  | Entered Level 4 of the Swamp
 51943 | Swamp:4  | Noticed dududu's ghost (adept DDFi)
 51970 | Swamp:4  | Killed dududu's ghost
 52880 | Swamp:4  | Received a gift from Okawaru
 53529 | Swamp:4  | Got a decaying rune of Zot
 53561 | Swamp:4  | Noticed p0werm0de's ghost (journeyman DsHu)
 53574 | Swamp:4  | Killed p0werm0de's ghost
 53969 | Depths:1 | Entered Level 1 of the Depths
 53981 | Depths:1 | Found Ejiyrairr's Elemental Accessories.
 54046 | Depths:1 | Found a one-way gate leading to the halls of Pandemonium.
 54097 | Depths:1 | Paralysed by a great orb of eyes for 6 turns
 54293 | Depths:1 | Reached skill level 1 in Spellcasting
 54300 | Depths:1 | Reached XP level 20. HP: 51/147 MP: 21/27
 54996 | Depths:1 | Received a gift from Okawaru
 55232 | Depths:1 | Demolished by a titanic slime creature

Vault maps used:
D:1:      ncdulo_watergridlock, st_stairs_10
D:2:      nicolae_overflow_crystal_walls, lemuel_statue_altar, uniq_robin
D:3:      makhleb_blood_cavern_becter, lemuel_crystal_altar, first_bread,
          uniq_jessica
D:4:      lemuel_crystal_altar, portal_sewer_entry_f, okawaru_metal_pillars_1_2
D:5:      cheibrodos_helix_gallery, lightli_temple_of_fire, serial_shops,
          kennysheep_mini, st_stairs_2, uniq_prince_ribbit1, uniq_eustachio
D:6:      kennysheep_vampire_church, temple_doors_e
D:7:      nicolae_overflow_hidden_temple, grunt_ogre_cave
D:8:      serial_shops, shop
D:9:      overflow_temple_1_default, lair_entry_dummy, uniq_maurice
D:10:     erik_orc_1
D:11:     serial_shops, bzr_entry_dummy, nicolae_shop_behind_doors
D:12:     nicolae_gozag_seed_capital, uniq_rupert
D:13:     portal_ice_cave_rime, serial_shops, shop, uniq_urug, uniq_nessos
D:14:     minmay_expanding_circles, erik_vaults_2, serial_park_tiny_2
D:15:     gammafunk_depths_entry_grave, nicolae_trove_entry_crystal,
          nicolae_dithmenos_the_darkroom
Lair:1:   grunt_megastairs_4
Lair:2:   lemuel_slime, lemuel_fruit_fields, serial_bayou_shore_b
Lair:3:   minmay_swamp_entry_worms, minmay_snake_entry_six_corridors,
          special_room, st_stairs_7, grunt_megastairs_2, uniq_gastronok
Lair:4:   infiniplex_staircase_pool
Lair:5:   minmay_slime_entry_jelly_boxes, grunt_forest_large_clearings
Lair:6:   cheibrodos_lair_end_hotspot, nicolae_volcano_entry_hallway,
          grunt_forest_stairs_basic, minivault_29
Swamp:1:  evilmike_swamp_ruin_house_2, swamp_pool4
Swamp:2:  serial_swamp_ruin, evilmike_swamp_ruin_rubble_2,
          evilmike_swamp_ruin_house_1, evilmike_swamp_ruin_rubble_1,
          infiniplex_staircase_pool_2, uniq_nikola
Swamp:3:  nicolae_swamp_fairy_circle
Swamp:4:  swamp_icy, swamp_pool5
Snake:1:  guppyfry_snake_island, uniq_aizul
Snake:2:  st_stairs_13, nicolae_snake_lava_pool, uniq_azrael
Snake:3:  nicolae_sea_snake_s, serial_shops, shop, uniq_roxanne
Snake:4:  grunt_snake_rune_serpentine_throne, serial_shops, shop,
          grunt_megastairs_1
Orc:1:    lemuel_ogre_cave, basic_altar, serial_shops, shop, special_room
Orc:2:    grunt_orc_tribal_feast, uniq_josephine
Depths:1: grunt_pan_entry_sceptre, pf_hell_entry_tar_spiral,
          nicolae_water_bricks, nicolae_elemental_shop, serial_bayou_shore_a,
          serial_bayou_shore_b, serial_bayou_shore_b, minmay_shop_grove
Bazaar:   bazaar_kb_twisted_cavern
Sewer:    sewer_fruit_machine
IceCv:    ice_cave_statue_garden_chambered
Volcano:  volcano_village

Skill      XL: |  1  2  3  4  5  6  7  8  9 10 11 12 13 14 15 16 17 18 19 |
---------------+----------------------------------------------------------+-----
Armour         | 1 2 4 7 8 9 11 12 13 14 15 16 | 16.9
Fighting       | 3 4 5 6 8 10 11 12 14 15 17 18 19 20 21 22 | 22.9
Maces & Flails | 4 5 6 8 9 11 12 13 14 15 | 15.0
Shields        | 4 7 8 10 11 | 11.4
Evocations     | 3 5 7 8 |  8.8
Invocations    | 2 5 7 9 |  9.6
Dodging        | 3 |  3.3
Spellcasting   | 1 |  1.9
Throwing       | |  1.7

Action                   |  1- 3 |  4- 6 |  7- 9 | 10-12 | 13-15 | 16-18 | 19-21 || total
-------------------------+-------+-------+-------+-------+-------+-------+-------++-------
Melee: Flail             |   130 |   292 |   338 |   994 |  2107 |  2338 |  1169 ||  7368
Invok: Heroism           |       |       |       |     2 |     8 |     4 |       ||    14
       Finesse           |       |       |       |       |       |     5 |     4 ||     9
 Abil: Stop Flying       |       |     1 |       |       |       |       |       ||     1
       Evoke Flight      |       |     1 |       |       |       |       |       ||     1
       Fly               |       |       |       |       |     1 |       |       ||     1
       Evoke Invisibilit |       |       |       |       |       |     1 |       ||     1
Evoke: Wand              |       |       |     4 |       |     7 |     1 |       ||    12
  Use: Scroll            |       |     7 |     5 |    15 |    16 |    14 |     5 ||    62
       Potion            |       |       |     3 |       |     1 |     5 |     4 ||    13
 Stab: Confused          |       |       |       |     2 |       |     1 |       ||     3
  Eat: Chunk             |     3 |    11 |    15 |    19 |    47 |    16 |    19 ||   130
       Ration            |       |       |       |     1 |     1 |     6 |     3 ||    11
       Buggy ration      |       |       |       |     1 |       |       |       ||     1
Armor: Leather armour    |    19 |       |       |       |       |       |       ||    19
       Ring mail         |    43 |   180 |    29 |       |       |       |       ||   252
       Scale mail        |       |       |   189 |    70 |       |       |       ||   259
       Plate armour      |       |       |       |   506 |   922 |       |       ||  1428
       Chain mail        |       |       |       |       |    66 |   945 |   563 ||  1574
       Skin              |       |       |       |       |       |     1 |       ||     1
Dodge: Dodged            |    98 |   201 |   208 |   333 |   453 |   541 |   324 ||  2158
Block: Buckler           |       |       |       |   129 |   762 |  1099 |   578 ||  2568
       Reflection        |       |       |       |       |    22 |   132 |    23 ||   177

Table legend:
 A = Spawn XP
 B = Non-spawn XP
 C = Spawn XP percentage of total XP
 D = Spawn monster count
 E = Non-spawn monster count
 F = Spawn count percentage of total count
 G = Total turns spent on level
                    A         B        C        D         E        F      G
               +---------+---------+-------+---------+---------+-------+---------
         Total |       0 |   88305 |   0.0 |       0 |     206 |   0.0 | 10788
               +---------+---------+-------+---------+---------+-------+---------
       Swamp:1 |       0 |   11007 |   0.0 |       0 |      27 |   0.0 |  1340
       Swamp:2 |       0 |   19225 |   0.0 |       0 |      42 |   0.0 |  1470
       Swamp:3 |       0 |   19519 |   0.0 |       0 |      53 |   0.0 |  1707
       Swamp:4 |       0 |   20294 |   0.0 |       0 |      58 |   0.0 |  1676
      Depths:1 |       0 |   18260 |   0.0 |       0 |      26 |   0.0 |  1254
               +---------+---------+-------+---------+---------+-------+---------
